cohdb
Replays
Latest Replays
All Replays
Popular Replays
Top Player Replays
Match Explorer
How It Works
Community
CoH3 Stats
Reddit
Sign in to upload your games and track your stats! →
Sign in with Steam
Match 41865558
Unlisted
Match 41865558
Overview
Messages
Build Orders
End
Pioneer Squad
Construct Infanterie Kompanie
Selects Terror Battlegroup
Selects Machine Gun Camouflage
MG 42 Machine Gun Team
MG 42 Machine Gun Team
GrW 34 Mortar Team
Grenadier Squad
Construct Panzergrenadier Kompanie
Construct Luftwaffe Kompanie
Flak 30 Anti-aircraft Gun Team
Jäger Squad
Jäger Squad
Luftwaffe Officer Quarters
Medical Bunker
Selects Interrogate
Construct Panzergrenadier Kompanie
Selects Propaganda Leaflet Drop
Construct Panzer Kompanie
Propaganda Leaflet Drop
Stoßtruppen Squad
Panzer IV Medium Tank
Panzer Officer Quarters
Selects V1 Rocket Strike
MG 42 Bunker
Kettenkrad Recon Vehicle
Sturmpanzer IV Brummbär
Propaganda Leaflet Drop
Selects No Quarter
Panzer IV Medium Tank
Repair Bunker
Panzer IV Medium Tank
V1 Rocket Strike
Side Skirts
Propaganda Leaflet Drop
Panzer IV Medium Tank
Ra11
DangerouslyDumb
Right Click God
Mike
Attitude Adjuster
ArmouredTopHat
0
0
Comments
sign in to comment!
No comments posted yet!